 Dungeon Crawl Stone Soup version 0.18.1-6-gd335043 (webtiles) character file.

1347 shinino the Slasher (level 8, -3/58 HPs)
             Began as a Formicid Fighter on May 19, 2016.
             Was a Follower of Makhleb.
             Slain by an orc warrior
             ... wielding a +0 dire flail
              (13 damage)
             ... on level 6 of the Dungeon.
             The game lasted 00:14:00 (4682 turns).

shinino the Slasher (Formicid Fighter)              Turns: 4682, Time: 00:14:00

Health: -3/58      AC:  9    Str: 26      XL:     8   Next: 94%
Magic:  8/8        EV:  6    Int:  6      God:    Makhleb [*.....]
Gold:   360        SH:  9    Dex:  5 (10) Spells: 0 memorised, 7 levels left

rFire  . . .     SeeInvis +     a - +0 long sword
rCold  + . .     Gourm    .     s - +0 chain mail
rNeg   . . .     Faith    .     n - +0 shield
rPois  .         Spirit   .     (helmet unavailable)
rElec  +         Dismiss  .     (no cloak)
rCorr  +         Reflect  .     (no gloves)
SustAt .         Harm     .     (no boots)
MR     .....     Clarity  +     j - amulet of regeneration
Stlth  ..........               x - ring of resist corrosion
                                b - ring of protection from cold

@: mighty, very slightly contaminated, invisible, not resistant to hostile
enchantments, extremely unstealthy
A: permanent stasis, dig shafts and tunnels, four strong arms, antennae 3,
clarity, clumsy 1, dopey 1, frail 1, electricity resistance
a: Dig, Shaft Self, Renounce Religion


You were on level 6 of the Dungeon.
You worshipped Makhleb.
Makhleb was aware of your devotion.
You were hungry.

You visited 1 branch of the dungeon, and saw 6 of its levels.

You collected 360 gold pieces.

Inventory:

Hand Weapons
 a - a +0 long sword (weapon)
Armour
 n - a +0 shield (worn)
 s - a +0 chain mail (worn)
Jewellery
 b - a ring of protection from cold (left hand)
 j - an amulet of regeneration (around neck)
 p - a +3 amulet of reflection {unknown}
 x - a ring of resist corrosion (right hand)
Wands
 w - a wand of paralysis (0/24)
Scrolls
 e - a scroll of magic mapping
 f - 2 scrolls of enchant weapon
 i - a scroll of fear {unknown}
 k - 3 scrolls of remove curse
 l - 3 scrolls of fog
 m - 2 scrolls of recharging {unknown}
 o - a scroll of enchant armour {unknown}
 r - 2 scrolls of teleportation {unknown}
 u - 3 scrolls of amnesia {unknown}
 v - a scroll of holy word {unknown}
Potions
 d - a potion of might
 g - 2 potions of haste
Comestibles
 q - a meat ration
 t - a bread ration
 z - 4 fruits


   Skills:
 + Level 6.6 Fighting
 * Level 7.5 Long Blades
 - Level 3.2 Armour
 + Level 6.3 Stealth
 - Level 3.6 Shields


You had 7 spell levels left.
You didn't know any spells.

Dungeon Overview and Level Annotations

Branches:
Dungeon (6/15)             Temple (0/1) D:5

Altars:
Makhleb
Xom
Yredelemnul

Annotations:
D:6 Eustachio


Innate Abilities, Weirdness & Mutations

You are under a permanent stasis effect.
You can dig through walls and to a lower floor.
Your four strong arms can wield two-handed weapons with a shield.
You have a pair of large antennae on your head (SInv).
You possess an exceptional clarity of mind.
You are clumsy. (Dex -2)
You are dopey. (Int -2)
You are frail (-10% HP).
You are resistant to electric shocks.


Message History

The orc warrior hits you with a dire flail.
* * * LOW HITPOINT WARNING * * *
Drink which item? (? for menu, Esc to quit)
You feel better. Eustachio completely misses you.
The rat twitches its whiskers.
You block the orc's attack.
The orc warrior hits you with a dire flail.
* * * LOW HITPOINT WARNING * * *
Drink which item? (? for menu, Esc to quit)
It was a potion of invisibility.
You fade into invisibility!
Eustachio hits you with a rapier.
* * * LOW HITPOINT WARNING * * *
You block the orc's attack.
You are very lightly contaminated with residual magic.
You barely miss the orc warrior.
The orc warrior is heavily wounded.
The white imp disappears in a puff of smoke!
The orc warrior hits you with a dire flail!
You die...

#.###......# #.#
#......# ..###.######
## ....#.# .# ....#.#
.# ...@#.# .# ......#
.# ....55####
######o# .§..5{{..#
#.§r@@o#.#
....####.###.######.#
#.#.# #......§......#
..#.#
#.............##
###.# #..............
#.# ##......#.##.#
..# #####.##....# ###
#.......########
##.............#


You could see Eustachio, an orc warrior, an orc and a rat.

Vanquished Creatures
  An orc warrior (D:6)
  2 ice beasts
  A sky beast (D:5)
  An ogre (D:6)
  A centaur (D:5)
  A giant frog zombie (D:5)
  3 hounds
  2 centaur skeletons (D:4)
  2 orc priests (D:6)
  An iguana (D:6)
  A giant frog skeleton (D:4)
  Ijyb (D:3)
  7 orc wizards
  2 worker ants
  A hound skeleton (D:5)
  A howler monkey skeleton (D:4)
  2 worker ant zombies
  3 adders
  6 oozes
  An adder skeleton (D:5)
  4 worms
  3 dart slugs (D:2)
  6 giant geckos
  22 orcs
  13 bats
  6 giant cockroaches
  10 goblins
  6 hobgoblins
  8 jackals
  3 quokkas
  2 ball pythons
  A ball python zombie (D:5)
  2 giant newts (D:2)
  A jackal zombie (D:3)
  10 kobolds
  A quokka skeleton (D:5)
  10 rats
148 creatures vanquished.

Notes
Turn   | Place    | Note
--------------------------------------------------------------
     0 | D:1      | shinino the Formicid Fighter began the quest for the Orb.
     0 | D:1      | Reached XP level 1. HP: 18/18 MP: 1/1
   113 | D:1      | Reached XP level 2. HP: 24/24 MP: 2/2
   468 | D:1      | Reached skill level 1 in Stealth
   468 | D:1      | Reached XP level 3. HP: 30/30 MP: 3/3
   650 | D:1      | Reached skill level 3 in Long Blades
   946 | D:2      | Reached XP level 4. HP: 37/37 MP: 4/4
  1523 | D:2      | Reached XP level 5. HP: 41/42 MP: 5/5
  1909 | D:3      | Noticed Ijyb
  1925 | D:3      | Killed Ijyb
  1925 | D:3      | Reached skill level 4 in Long Blades
  2188 | D:3      | Reached XP level 6. HP: 36/49 MP: 6/6
  3038 | D:4      | Reached skill level 5 in Fighting
  3097 | D:4      | Reached XP level 7. HP: 43/56 MP: 7/7
  3136 | D:4      | Reached skill level 5 in Long Blades
  3180 | D:4      | Found a basalt altar of Yredelemnul.
  3180 | D:4      | Found a burning altar of Makhleb.
  3476 | D:4      | Became a worshipper of Makhleb the Destroyer
  3528 | D:5      | Entered Level 5 of the Dungeon
  3604 | D:5      | Found a staircase to the Ecumenical Temple.
  3959 | D:5      | Found a basalt altar of Yredelemnul.
  3968 | D:5      | Reached skill level 6 in Long Blades
  3968 | D:5      | Reached skill level 5 in Stealth
  3968 | D:5      | Reached XP level 8. HP: 56/63 MP: 8/8
  3985 | D:5      | Gained mutation: You are clumsy. (Dex -2) [mutagenic meat]
  3986 | D:5      | Gained mutation: You are dopey. (Int -2) [mutagenic meat]
  3987 | D:5      | Gained mutation: You possess an exceptional clarity of mind. [mutagenic meat]
  3988 | D:5      | Gained mutation: You are resistant to electric shocks. [mutagenic meat]
  3989 | D:5      | Gained mutation: You are frail (-10% HP). [mutagenic meat]
  4240 | D:5      | Reached * piety under Makhleb
  4453 | D:6      | Found a shimmering altar of Xom.
  4461 | D:6      | Reached skill level 7 in Long Blades
  4519 | D:6      | Noticed Eustachio
  4682 | D:6      | Slain by an orc warrior

Skill      XL: |  1  2  3  4  5  6  7  8 |
---------------+-------------------------+-----
Stealth        | 1 2 3 5 6 |  6.3
Long Blades    | 3 4 6 7 |  7.5
Fighting       | 4 5 6 |  6.6
Armour         | |  3.2
Shields        | |  3.6

Action                   |  1- 3 |  4- 6 |  7- 9 || total
-------------------------+-------+-------+-------++-------
Melee: Long sword        |   108 |   317 |   294 ||   719
Evoke: Wand              |       |       |     4 ||     4
  Use: Scroll            |       |     3 |     3 ||     6
       Potion            |       |       |     4 ||     4
 Stab: Paralysed         |       |       |     2 ||     2
  Eat: Bread ration      |       |     1 |       ||     1
       Meat ration       |       |     1 |       ||     1
       Royal jelly       |       |       |     1 ||     1
       Chunk             |       |       |     5 ||     5
       Beef jerky        |       |       |     1 ||     1
Armor: Scale mail        |    47 |   125 |       ||   172
       Chain mail        |       |     6 |   172 ||   178
Dodge: Dodged            |    41 |   106 |    78 ||   225
Block: Shield            |    58 |   162 |   174 ||   394
